Map: Dusk Towers

Players

IamDrizzt

  • Race: Protoss Protoss
  • League: Diamond

BlaXXuN

  • Race: Protoss Protoss

MorN

  • Race: Zerg Zerg
  • League: Platinum

PinkVoid

  • Race: Zerg Zerg

VOD

Have the link to the VOD?

Description

Time

  • Played on: Nov. 11, 2015, 8:28 p.m.
  • Length: 9:25
Show
View Real Time Build Order
Export as new Build Order

IamDrizzt Protoss 

Build Orders:  

Get SALT Encoding   

  12  0:01  Probe (Chrono Boost)  
  13  0:11  Probe (Chrono Boost)  
  14  0:21  Pylon  
  14  0:22  Probe (Chrono Boost)  
  15  0:39  Probe (Chrono Boost)  
  16  0:50  Probe (Chrono Boost)  
  17  1:00  Probe (Chrono Boost)  
  18  1:08  Nexus  
  18  1:15  Probe (Chrono Boost), Pylon  
  19  1:26  Probe (Chrono Boost)  
  19  1:27  Assimilator  
  20  1:36  Gateway  
  20  1:38  Probe (Chrono Boost)  
  21  1:48  Probe (Chrono Boost)  
  21  1:53  Assimilator  
  22  1:59  Probe (Chrono Boost)  
  23  2:02  Gateway  
  23  2:09  Probe (Chrono Boost)  
  24  2:20  Probe (Chrono Boost)  
  25  2:25  Cybernetics Core  
  25  2:26  Probe (Chrono Boost)  
  25  2:27  Zealot  
  28  2:38  Probe x2 (Chrono Boost)  
  30  2:48  Probe (Chrono Boost)  
  30  2:49  Probe (Chrono Boost)  
  32  2:59  Probe x2 (Chrono Boost)  
  32  3:02  Adept  
  32  3:03  Adept  
  32  3:04  Warp Gate (Chrono Boost)  
  38  3:09  Probe (Chrono Boost)  
  38  3:10  Mothership Core (Chrono Boost)  
  40  3:20  Probe (Chrono Boost), Pylon  
  41  3:28  Probe (Chrono Boost)  
  41  3:29  Pylon  
  41  3:30  Probe (Chrono Boost)  
  43  3:39  Probe (Chrono Boost), Stargate  
  45  3:41  Probe (Chrono Boost)  
  45  3:42  Stargate  
  45  3:48  Assimilator x2  
  45  3:49  Probe (Chrono Boost), Adept  
  45  3:51  Adept  
  45  3:52  Probe (Chrono Boost)  
  51  4:01  Probe (Chrono Boost)  
  51  4:02  Probe (Chrono Boost)  
  53  4:05  Pylon  
  53  4:11  Probe (Chrono Boost)  
  53  4:13  Probe (Chrono Boost)  
  55  4:22  Probe (Chrono Boost)  
  55  4:23  Probe (Chrono Boost)  
  57  4:24  Pylon  
  57  4:30  Oracle x2  
  63  4:33  Probe (Chrono Boost)  
  63  4:34  Probe (Chrono Boost)  
  63  4:35  Pylon  
  65  4:41  Forge  
  65  4:43  Probe (Chrono Boost)  
  65  4:44  Probe (Chrono Boost)  
  67  4:51  Pylon  
  67  5:01  Twilight Council  
  67  5:06  Oracle x2 (Chrono Boost)  
  73  5:09  Probe  
  74  5:15  Nexus  
  74  5:21  Pylon  
  74  5:24  Protoss Ground Weapons Level 1 (Chrono Boost)  
  74  5:28  Gateway  
  74  5:37  Void Ray (Chrono Boost)  
  74  5:38  Sentry  
  74  5:41  Gateway  
  80  5:43  Gateway  
  80  5:45  Gateway  
  80  5:47  Gateway  
  80  5:52  Gateway  
  80  5:58  Blink (Chrono Boost)  
  80  6:06  Stalker  
  79  6:12  Pylon  
  79  6:14  Nexus  
  79  6:21  Probe x2  
  81  6:33  Probe (Chrono Boost)  
  81  6:38  Pylon  
  81  6:39  Probe (Chrono Boost)  
  83  6:42  Pylon  
  83  6:45  Probe (Chrono Boost)  
  83  6:46  Assimilator  
  81  6:50  Stalker x3  
  81  6:51  Stalker, Assimilator  
  89  6:57  Stalker x2  
  89  7:01  Protoss Ground Weapons Level 2 (Chrono Boost)  
  93  7:03  Probe (Chrono Boost)  
  93  7:04  Probe (Chrono Boost)  
  93  7:05  Robotics Facility  
  96  7:16  Probe (Chrono Boost)  
  96  7:31  Stalker x3  
  96  7:32  Stalker x3  
  106  7:40  Probe x2 (Chrono Boost)  
  106  7:41  Probe (Chrono Boost)  
  107  7:53  Probe  
  107  7:54  Probe, Pylon  
  107  7:57  Warp Prism (Chrono Boost)  
  111  8:03  Stalker x3  
  111  8:04  Stalker x2  
  119  8:20  Photon Cannon  
  119  8:22  Photon Cannon  
  119  8:26  Photon Cannon  
  119  8:29  Photon Cannon  
  119  8:36  Photon Cannon  
  119  8:38  Photon Cannon  
  119  8:41  Photon Cannon  
  119  8:52  Nexus  
  119  8:53  Pylon  
  119  8:54  Probe  
  119  8:55  Probe x2  
  122  9:00  Stalker x2  
  122  9:01  Stalker  
  122  9:02  Stalker  
  130  9:06  Stalker, Probe  
  133  9:11  Stalker  
  133  9:15  Stalker x2  
Show
View Real Time Build Order
Export as new Build Order

BlaXXuN Protoss 

Build Orders:  

Get SALT Encoding   

  12  0:03  Drone  
  13  0:08  Drone  
  14  0:18  Overlord  
  14  0:36  Drone  
  14  0:37  Drone x2  
  17  0:56  Drone  
  18  0:58  Hatchery  
  18  1:00  Drone  
  18  1:12  Spawning Pool  
  18  1:14  Extractor  
  16  1:19  Overlord  
  16  1:22  Drone  
  17  1:31  Drone  
  18  1:41  Drone  
  19  1:56  Drone  
  20  2:04  Zergling x2  
  20  2:18  Drone  
  20  2:20  Drone  
  20  2:21  Drone  
  23  2:28  Drone  
  24  2:39  Drone x2  
  26  2:46  Drone  
  26  2:47  Drone  
  28  2:55  Lair  
  28  2:57  Drone  
  28  2:58  Drone  
  30  3:10  Drone x2  
  32  3:25  Drone x3  
  35  3:32  Extractor x2  
  35  3:34  Extractor  
  31  3:41  Hatchery, Roach Warren  
  29  3:43  Zergling x2  
  29  3:44  Zergling x4  
  29  3:45  Metabolic Boost  
  32  3:49  Drone  
  32  3:51  Drone  
  32  3:52  Queen  
  36  4:06  Overlord  
  36  4:07  Overlord  
  35  4:24  Queen  
  34  4:28  Roach, Queen  
  34  4:29  Roach x3  
  46  4:33  Roach x2  
  49  4:41  Overlord  
  49  4:48  Drone  
  50  4:53  Drone  
  50  4:58  Zergling x4  
  53  5:04  Drone x2  
  53  5:06  Drone  
  59  5:07  Drone x3  
  59  5:13  Queen  
  61  5:16  Drone x3  
  61  5:19  Ravager  
  65  5:22  Spire  
  64  5:34  Glial Reconstitution  
  64  5:36  Drone x2  
  61  5:56  Spore Crawler  
  51  6:17  Drone x15  
  65  6:23  Spore Crawler  
  65  6:25  Queen  
  61  6:29  Drone  
  61  6:30  Drone  
  62  6:48  Spore Crawler  
  62  6:53  Drone  
  62  6:54  Drone x2, Mutalisk  
  63  6:56  Spore Crawler  
  63  7:00  Mutalisk  
  66  7:05  Overlord  
  66  7:23  Mutalisk x4  
  74  7:57  Overlord x3  
  73  7:58  Overlord  
  73  7:59  Overlord x3  
  73  8:08  Overlord x3  
  73  8:14  Drone x2  
  66  8:26  Zergling x16  
  66  8:27  Zergling x10  
  69  9:00  Mutalisk x11  
Show
View Real Time Build Order
Export as new Build Order

MorN Zerg 

Build Orders:  

Get SALT Encoding   

Show
View Real Time Build Order
Export as new Build Order

PinkVoid Zerg 

Build Orders:  

Get SALT Encoding   

Tags
 
Add a new tag
Caveats
  • Supply blocks, unpowered buildings, or Contaminate may cause inaccurate times.
  • Supply counts are checked every 10 seconds.